Sylph, chaotic female human Monk -------.- |....@..| |....h... |.....f.| |.......| |......<| --------- Sylph the Initiate Experience level: 6 Strength: 18/01 Dexterity: 14 Constitution: 12 Intelligence: 8 Wisdom: 14 Charisma: 11 Health: 0(40) Energy: 45(45) AC: 4 Gold: 1009 Moves: 3720 Your Inventory: Coins $ - 1009 gold pieces Amulets Q - an uncursed amulet versus poison (being worn) Weapons R - a [cursed +0] broad pick [dwarvish mattock] T - an [uncursed +0] long sword named Giantslayer [Giantslayer] Armor a - an uncursed +2 pair of leather gloves (being worn) b - an uncursed +1 robe (being worn) Comestibles f - 2 uncursed food rations Scrolls j - an [uncursed] scroll labeled GARVEN DEH [of enchant weapon] U - an [uncursed] scroll labeled ANDOVA BEGARIN [of stinking cloud] Y - an [uncursed] scroll labeled FOOBIE BLETCH [of destroy armor] Spellbooks c - a blessed spellbook of protection N - an [uncursed] rainbow spellbook [of healing] Potions e - 3 uncursed potions of healing k - an [uncursed] cloudy potion [of confusion] p - an [uncursed] potion of oil r - a [cursed] black potion [of paralysis] w - a [blessed] magenta potion [of fruit juice] O - an [uncursed] clear potion [of water] S - an [uncursed] silver potion [of booze] W - a [blessed] potion of healing Rings n - a cursed -1 ring of gain wisdom named [curse] t - an uncursed ring of free action (on right hand) V - a cursed -1 ring of increase accuracy Wands m - an [uncursed] wand of striking [0:5] Tools o - an [uncursed +0] pick-axe Gems l - an [uncursed] orange gem [agate] q - an [uncursed] black gem [worthless glass] C - an [uncursed] gray stone [flint] Spells known in the end: Name Level Category Fail Memory a - protection 1 clerical 0% [|||||||.] Your skills at the end: Fighting Skills martial arts [Basic / Grand Master] Weapon Skills Spellcasting Skills healing spells [Basic / Expert] Final Attributes: You were piously aligned. Hunger level was 380. Your alignment was 28 / 28. Monster difficulty range was 1 - 6. Level difficulty was 7. You were immune to sleep. You were immune to poison. You saw invisible. You were stealthy. You were fast. You had free action. You were unlucky (-1). You are dead. Vanquished creatures: a dog a jaguar a mountain nymph a fog cloud 3 shriekers a gray ooze a little dog a floating eye 2 kobold shamans 5 rothes a giant bat 2 iguanas 2 coyotes a large kobold a green mold a garter snake a gnome zombie 4 geckos 12 jackals 2 kobolds 2 goblins a sewer rat 5 grid bugs 2 bats 4 lichens a kobold zombie 8 newts 67 creatures vanquished. Voluntary challenges: You were vegetarian. You used a wielded weapon 2 times. You read items or engraved 5 times. You put on armor 2 times. You never genocided any monsters. You never polymorphed an object. You never changed form. You used no wishes. You never wrote Elbereth's name. You never encountered a bones level. You never used any Sokoban shortcuts. Dungeon overview: The Dungeons of Doom: levels 1 to 7 Level 1 a long staircase Level 2 a general store, a fountain, a sink stairs to The Gnomish Mines Level 4 a fountain, a sink Level 6 some fountains Level 7 <- You were here The Gnomish Mines: Level 3 stairs to The Dungeons of Doom History has recorded: On T:1 you entered the Dungeons of Doom to retrieve the Amulet of Yendor! On T:63 you reached level 2 of The Dungeons of Doom. On T:271 you advanced to experience level 2. On T:528 you advanced to experience level 3. On T:544 you reached level 3 of The Dungeons of Doom. On T:609 you reached level 1 of The Gnomish Mines. On T:651 you advanced to experience level 4. On T:918 you reached level 4 of The Dungeons of Doom. On T:1627 you advanced to experience level 5. On T:2431 you reached level 5 of The Dungeons of Doom. On T:2463 you advanced to experience level 6. On T:2823 you reached level 6 of The Dungeons of Doom. On T:3706 you reached level 7 of The Dungeons of Doom. Latest messages: The dwarf lord wields a broad short sword! The dwarf lord thrusts his broad short sword. The dwarf lord hits! [HP-9=21] You miss the dwarf lord. (3x) The dwarf lord thrusts his broad short sword. The dwarf lord hits! The dwarf lord thrusts his broad short sword. The dwarf lord misses. [HP-10=11] You miss the dwarf lord. $ - 61 gold pieces. [HP+1=12] Musya misses the dwarf lord. (2x) You miss the dwarf lord. Musya misses the dwarf lord. (2x) You miss the dwarf lord. [HP+1=13] You hit the dwarf lord! Musya misses the dwarf lord. The dwarf lord thrusts his broad short sword. The dwarf lord hits! The dwarf lord thrusts his broad short sword. The dwarf lord hits! You die... Final status: Punardarsanaya Sylph the Monk... You died in The Dungeons of Doom on dungeon level 7 with 3041 points, and 1009 pieces of gold, after 3720 moves. You were level 6 with a maximum of 40 hit points when you died.